 Dungeon Crawl Stone Soup version 0.32-a0-666-ge8a8869 (webtiles) character file.

Game seed: 3579489357802573373

20804 Xone the Metamorph (level 12, -1/168 HPs)
             Began as a Naga Berserker on Mar 9, 2024.
             Was a Priest of Trog.
             Slain by a troll (15 damage)
             ... on level 13 of the Dungeon.
             The game lasted 00:31:08 (12940 turns).

Xone the Metamorph (Naga Berserker)                Turns: 12940, Time: 00:31:09

Health: -1/168     AC:  4    Str: 27    XL:     12   Next: 83%
Magic:  12/12      EV: 10    Int:  7    God:    Trog [***...]
Gold:   1050       SH:  0    Dex: 15    Spells: 11/11 levels left

rFire   . .          .
                       - Unarmed
rCold   . . .        (shield currently unavailable)
rNeg    + . .        D - +2 robe {rN+}
rPois   +            (no helmet)
rElec   .            (no cloak)
rCorr   +            (gloves currently unavailable)
SInv    +            (no barding)
Will    +....        (no amulet)
Stlth   x              - +6 ring of strength
HPRegen 0.48/turn    i - ring of resist corrosion
MPRegen 0.13/turn

%: no passive effects
@: berserking, blade hands, corroded, quick
A: AC +4, large, see invisible, deformed body, poison resistance, slowness 2,
spit poison 1, naga tail 1
a: Spit Poison, Begin Untransformation, Renounce Religion, Berserk, Trog's Hand


You were on level 13 of the Dungeon.
You worshipped Trog.
Trog was most pleased with you.
You had blades for hands.
You visited 3 branches of the dungeon, and saw 15 of its levels.
You also visited: Bailey.

You collected 1075 gold pieces.
You spent 25 gold pieces at shops.

Inventory:

Hand Weapons
 a - the +4 sling "Gaitaodghez" {speed, rC+ rN+}
   (You found it on level 2 of the Dungeon)

   rC+:       It protects you from cold.
   rN+:       It protects you from negative energy.
 g - a +7 broad axe
Armour
 n - a +3 ring mail of poison resistance
 q - the +1 robe "Gyru" {*Slow +Inv rF+ Int+2}
   (You took it off a wight on level 9 of the Dungeon)

   Int+2:     It affects your intelligence (+2).
   rF+:       It protects you from fire.
   +Inv:      It lets you turn invisible.
   *Slow:     It may slow you when you take damage.
 D - a +2 robe of positive energy (worn)
Jewellery
 i - a ring of resist corrosion (right blade hand)
 x - a +6 ring of strength (left blade hand)
Talismans
 c - a blade talisman (active)
 m - a flux talisman
 A - a maw talisman
Wands
 r - a wand of paralysis (9) (quivered)
 E - a wand of flame (18)
 I - a wand of digging (5)
 K - a wand of quicksilver (5)
Scrolls
 f - 4 scrolls of enchant weapon
 o - 2 scrolls of blinking
 s - a scroll of teleportation
 v - a scroll of noise {unknown}
 y - 2 scrolls of butterflies {unknown}
 B - a scroll of revelation {unknown}
 C - 2 scrolls of fog {unknown}
 H - a scroll of amnesia {unknown}
 J - a scroll of silence {unknown}
Potions
 b - a potion of resistance {unknown}
 e - a potion of attraction
 h - a potion of haste
 j - a potion of mutation
 k - a potion of berserk rage {unknown}
 l - a potion of cancellation {unknown}
 p - 4 potions of heal wounds
 t - 3 potions of enlightenment
 u - 4 potions of curing
 w - a potion of invisibility
 z - 2 potions of degeneration {unknown}
 F - 2 potions of brilliance {unknown}
 G - a potion of lignification {unknown}


   Skills:
 + Level 8.5 Fighting
 - Level 1.5 Armour
 - Level 1.5 Dodging
 - Level 8.0 Stealth
 - Level 7.0 Unarmed Combat
 * Level 16.0 Shapeshifting


You had 11 spell levels left.
You didn't know any spells.
Your spell library contained the following spells:

 Spells                   Type           Power      Damage    Failure   Level
 Sublimation of Blood     Necr           0%         N/A       56%         2
 Call Canine Familiar     Summ           0%         N/A       80%         3
 Sigil of Binding         Hex            0%         N/A       80%         3
 Volatile Blastmotes      Fire/Tloc      0%         2d10      80%         3
 Dimensional Bullseye     Hex/Tloc       0%         N/A       99%         4
 Fulminant Prism          Conj/Alch      0%         3d5       99%         4
 Iskenderun's Mystic Bla  Conj/Tloc      0%         2d3       99%         4
 Petrify                  Alch/Erth      0%         N/A       99%         4
 Irradiate                Conj/Alch      0%         3d11      100%        5


Dungeon Overview and Level Annotations

Branches:
Dungeon (13/15) Zot: 26357  Temple (1/1) D:5 Zot: 5998    Lair (0/5) D:10
    Orc (2/2) D:9 Zot: 11179  Bailey (visited)
    Elf: Orc:2       Vaults: D:13-14

Altars:
Ashenzari
Cheibriados
Dithmenos
Elyvilon
Fedhas
Gozag
Hepliaklqana
Kikubaaqudgha
Makhleb
Nemelex Xobeh
Okawaru
Qazlal
Ru
Sif Muna
Trog
Uskayaw
Vehumet
Wu Jian
Xom
Yredelemnul
Zin
The Shining One
Beogh

Shops:
D:10 [   Orc:1 *   Orc:2 =

Annotations:
D:10 3 runed translucent doors
D:12 Azrael, Rupert
Orc:2 Donald


Innate Abilities, Weirdness & Mutations

You have blades for hands.
You are incapable of wielding weapons or throwing items.
Your serpentine skin is tough. (AC +4)
You have supernaturally acute eyesight. (SInv)
Armour fits poorly on your strangely shaped body.
Your system is resistant to poisons. (rPois)
You cover ground very slowly.
You can spit poison.
You have a snake-like lower body.


Message History

The slime creature barely misses you. The troll bites you.
The troll claws you but does no damage. The troll claws you!
The brown ugly thing punches you!
You are splashed with acid.
You resist.
You climb downwards.
There is a stone staircase leading up here.
You take 28 HP, and have [68/112] HP !!!!!
HP Warning !!!!!
You are too injured to fight recklessly!
You are too injured to fight recklessly!
A red film seems to cover your vision as you go berserk!
You feel yourself moving faster!
You feel mighty! The troll bites you! The troll misses you.
The troll claws you but does no damage. The slime creature hits you!!
The brown ugly thing punches you but does no damage.
Now you have [74/168] HP You closely miss the brown ugly thing.
The troll closely misses you. The troll claws you. The troll claws you!
The slime creature hits you.
You take 17 HP, and have [57/168] HP Unknown command.
You slice the brown ugly thing!!
The brown ugly thing is moderately wounded.
The brown ugly thing punches you. The acid corrodes you!
You are splashed with acid.
You resist.
* * * LOW HITPOINT WARNING * * *
The slime creature hits you!!
* * * LOW HITPOINT WARNING * * *
The troll bites you!
* * * LOW HITPOINT WARNING * * *
The troll misses you. The troll claws you!
* * * LOW HITPOINT WARNING * * *
You take 44 HP, and have [13/168] HP !!!!!
HP Warning !!!!!
Unknown command.
You closely miss the brown ugly thing.
The brown ugly thing is moderately wounded.
The brown ugly thing punches you but does no damage.
You slice the brown ugly thing!!
The brown ugly thing is severely wounded.
The troll bites you!
You die...

#.... .#....# #...#
#.... .#....###...##
#....###.#............
#........#............
#........#............
#........#............
#.#......#.....##...##
#...J.T..#.....##...##
#....@u..#.....#..>...
#........#.....'......
#........#.....#......
#...##...#....########
#.......[))...#.......
#........#(...#.......
#........#....#.####..
#........#....# #..
#........#....#.####..


You could see a brown ugly thing, a slime creature and a troll.

Vanquished Creatures
  An orc warlord (Bailey)
  Snorg (D:10)
  A two-headed ogre (D:8)
  Pikel (D:7)
  A cyclops (D:12)
  An elephant (D:10)
  Joseph (D:10)
  Maggie (D:9)
  A kobold demonologist (D:13)
  A komodo dragon (D:10)
  Psyche (D:9)
  6 slime creatures (D:13)
  A wyvern (D:8)
  A shadow (D:10)
  2 vampires (D:9)
  17 yaks
  2 steam dragons
  3 vampire mosquitoes (D:12)
  Menkaure (D:7)
  Duvessa (D:7)
  2 black bears
  11 orc warriors
  3 ice beasts
  4 sky beasts
  4 ogres
  5 centaurs
  A phantom (D:5)
  3 kobold brigands
  2 scorpions
  4 bullfrogs
  9 wights
  Dowan (D:7)
  7 howler monkeys
  3 crimson imps (D:3)
  5 bombardier beetles
  A hound (D:4)
  17 orc priests
  3 jellies
  An iron imp (D:7)
  2 iguanas (D:5)
  3 sleepcaps
  9 orc wizards
  Robin (D:1)
  4 adders
  6 gnolls
  A shadow imp (D:7)
  A white imp (D:6)
  2 ufetubi (D:5)
  65 orcs
  4 endoplasms
  A giant cockroach (D:4)
  22 goblins
  10 hobgoblins
  5 jackals
  27 kobolds
  3 quokkas
  7 ball pythons
  8 bats
  3 frilled lizards
  3 rats
318 creatures vanquished.

Vanquished Creatures (collateral kills)
  A komodo dragon (D:10)
  2 yaks (D:10)
  A bullfrog (D:10)
4 creatures vanquished.

Vanquished Creatures (others)
  A steam dragon (D:9)
1 creature vanquished.

Grand Total: 323 creatures vanquished

Notes
Turn   | Place    | Note
-------+----------+-------------------------------------------
     0 | D:1      | Xone the Naga Berserker began the quest for the Orb.
     0 | D:1      | Reached XP level 1. HP: 21/21 MP: 1/1
   210 | D:1      | Found a faded altar of an unknown god.
   251 | D:1      | Reached skill level 1 in Stealth
   267 | D:1      | Reached XP level 2. HP: 26/28 MP: 2/2
   776 | D:2      | Reached XP level 3. HP: 32/34 MP: 3/3
   840 | D:2      | Reached ** piety under Trog
   844 | D:2      | Noticed Robin
   959 | D:1      | HP: 2/51 [hobgoblin/+0 dagger[Robin] (9)]
  1162 | D:1      | Killed Robin
  1220 | D:2      | Reached XP level 4. HP: 44/44 MP: 4/4
  1233 | D:2      | Identified the +4 sling "Gaitaodghez" {speed, rC+ rN+}
  1547 | D:2      | Found a shimmering blue altar of Sif Muna.
  1978 | D:3      | Found a shimmering altar of Xom.
  1995 | D:3      | Reached skill level 1 in Shapeshifting
  1995 | D:3      | Reached XP level 5. HP: 50/50 MP: 5/5
  2412 | D:4      | Noticed a black bear
  2426 | D:4      | Killed a black bear
  2427 | D:4      | Reached skill level 2 in Shapeshifting
  2427 | D:4      | Reached XP level 6. HP: 48/58 MP: 6/6
  3153 | D:4      | Found a snail-covered altar of Cheibriados.
  3162 | D:4      | Reached skill level 5 in Stealth
  3232 | D:4      | Reached skill level 3 in Shapeshifting
  3232 | D:4      | Reached XP level 7. HP: 46/66 MP: 7/7
  3675 | D:5      | Entered Level 5 of the Dungeon
  3887 | D:5      | Reached skill level 5 in Fighting
  3887 | D:5      | Reached skill level 4 in Shapeshifting
  3909 | D:5      | Reached *** piety under Trog
  3910 | D:5      | Reached skill level 5 in Unarmed Combat
  4259 | D:5      | Found a staircase to the Ecumenical Temple.
  4271 | Temple   | Entered the Ecumenical Temple
  4302 | D:5      | Found an opulent altar of Gozag.
  4396 | D:5      | Reached skill level 5 in Shapeshifting
  4396 | D:5      | Reached XP level 8. HP: 57/74 MP: 8/8
  4863 | D:6      | Reached skill level 6 in Shapeshifting
  5186 | D:6      | Reached skill level 7 in Shapeshifting
  5767 | D:7      | Noticed Pikel
  5773 | D:7      | Killed Pikel
  5774 | D:7      | Reached XP level 9. HP: 66/82 MP: 9/9
  5900 | D:7      | Reached skill level 8 in Shapeshifting
  5932 | D:7      | Found a white marble altar of Elyvilon.
  6443 | D:7      | Reached skill level 9 in Shapeshifting
  6538 | D:7      | Noticed Duvessa
  6539 | D:7      | Noticed Dowan
  6546 | D:7      | Killed Duvessa
  6552 | D:7      | Killed Dowan
  6593 | D:7      | Noticed Menkaure
  6599 | D:7      | Killed Menkaure
  6678 | D:7      | Found a sparkling altar of Nemelex Xobeh.
  6903 | D:7      | Reached skill level 10 in Shapeshifting
  6962 | D:7      | Found a burning altar of Makhleb.
  7212 | D:8      | Reached XP level 10. HP: 79/91 MP: 10/10
  7235 | D:8      | Found a broken altar of Ashenzari.
  7421 | D:8      | Found a flagged portal.
  7446 | Bailey   | Entered a bailey
  7486 | Bailey   | Noticed an orc warlord
  7689 | Bailey   | Found a runed translucent gate.
  7692 | Bailey   | Found a runed translucent gate.
  7693 | Bailey   | Found a runed translucent gate.
  8076 | Bailey   | Killed an orc warlord
  8143 | D:8      | Reached skill level 13 in Shapeshifting
  8143 | D:8      | Reached XP level 11. HP: 99/99 MP: 11/11
  8279 | D:8      | Noticed a two-headed ogre
  8288 | D:8      | Killed a two-headed ogre
  8714 | D:9      | Found a staircase to the Orcish Mines.
  8737 | D:9      | Reached skill level 14 in Shapeshifting
  8737 | D:9      | Found a shimmering blue altar of Sif Muna.
  8773 | D:9      | Noticed Maggie
  8779 | D:9      | Killed Maggie
  8981 | D:9      | Noticed Psyche
  9024 | D:9      | Killed Psyche
  9052 | D:9      | Reached **** piety under Trog
  9065 | D:9      | Reached XP level 12. HP: 68/109 MP: 12/12
  9454 | D:9      | Identified the +1 robe "Gyru" {*Slow +Inv rF+ Int+2}
  9770 | D:9      | Found a roughly hewn altar of Beogh.
 10256 | Orc:1    | Entered Level 1 of the Orcish Mines
 10552 | Orc:1    | Found Yzuv's Assorted Antiques.
 10565 | Orc:1    | Bought a scroll labelled GONINI WOOBB for 25 gold pieces
 10617 | Orc:1    | Found a roughly hewn altar of Beogh.
 10777 | Orc:2    | Entered Level 2 of the Orcish Mines
 10781 | Orc:2    | Found Ohuus's Jewellery Shop.
 10786 | Orc:2    | Noticed Donald
 11063 | D:10     | Entered Level 10 of the Dungeon
 11102 | D:10     | Reached skill level 15 in Shapeshifting
 11337 | D:10     | Noticed Snorg
 11838 | D:10     | Found Cinkem's Antique Armour Shop.
 11857 | D:10     | Found a runed translucent gate.
 11857 | D:10     | Found a runed translucent gate.
 11857 | D:10     | Found a runed translucent gate.
 11892 | D:10     | Found a staircase to the Lair.
 11905 | D:10     | Noticed Joseph
 11915 | D:10     | Killed Joseph
 12095 | D:10     | Killed Snorg
 12251 | D:10     | Found a glowing silver altar of Zin.
 12346 | D:10     | You fall into a shaft and drop 3 floors!
 12350 | D:12     | Noticed Rupert
 12355 | D:12     | Noticed a boulder beetle
 12656 | D:12     | Noticed Azrael
 12673 | D:13     | Reached skill level 16 in Shapeshifting
 12940 | D:13     | Slain by a troll

Illustrated notes

Levels and vault maps discovered:
D:1:      minmay_arrival_wavy_path, layout_rooms,
          hellmonk_ecumenical_altar_pennies_from_heaven
D:2:      layout_basic, basic_altar, uniq_robin
D:3:      layout_basic, led_xom_imps
D:4:      layout_gridville, chei_slow_surprise
D:5:      layout_rooms, amcnicky_altar_gilded,
          minmay_temple_entry_gardened_gates
D:6:      layout_cave_pools, serial_shops, shop
D:7:      layout_basic, mainiacjoe_overflow_alcove_4,
          nicolae_overflow_crystal_walls, demons_altar, minmay_misc_feat_tower,
          minmay_misc_feat_cross, uniq_menkaure, uniq_duvessa, uniq_pikel
D:8:      layout_loops_cross, evilmike_ruin_ashenzari, enter_bailey_3
D:9:      layout_small_grid, lemuel_crystal_altar,
          minmay_orc_entry_temple_small, lemuel_flame_loot_1, uniq_psyche,
          uniq_maggie
D:10:     layout_basic, mainiacjoe_overflow_24_doors,
          grunt_lair_entry_orc_guard_hut, serial_shops, shop,
          ploomutoo_gammafunk_ghost_potion_laboratory, uniq_snorg, uniq_joseph,
          uniq_gastronok, uniq_fannar
D:12:     layout_cave_pools, portal_ice_cave_entry_pillars_2,
          muffindrake_ghost_dual_entry, minmay_pinched_square, uniq_rupert,
          uniq_azrael
D:13:     layout_stronghold
Temple:   hellmonk_temple_forest_ring
Orc:1:    layout_caves, serial_shops, shop, mines2_david
Orc:2:    grunt_orc_tribal_feast, layout_caves, basic_altar,
          minmay_shop_enchanted_jewellery, uniq_donald

Skill      XL: |  1  2  3  4  5  6  7  8  9 10 11 12 |
---------------+-------------------------------------+-----
Stealth        | 1 2 3 4 5 6 7 8 |  8.0
Fighting       | 4 5 6 7 8 |  8.5
Shapeshifting  | 1 2 3 5 7 10 13 14 16 | 16.0
Unarmed Combat | 4 5 6 7 |  7.0
Armour         | |  1.5
Dodging        | |  1.5

Action                     |  1- 3 |  4- 6 |  7- 9 | 10-12 || total
---------------------------+-------+-------+-------+-------++-------
  Melee: Whip              |    82 |     1 |       |       ||    83
         Unarmed           |     4 |    35 |   216 |   394 ||   649
         Punch             |       |     3 |     4 |    18 ||    25
   Fire: Sling             |       |    73 |   136 |       ||   209
 Invoke: Berserk           |     3 |     3 |     7 |    10 ||    23
         Trog's Hand       |       |     1 |     3 |    10 ||    14
         Brothers in Arms  |       |       |       |     1 ||     1
Ability: Spit Poison       |     6 |     3 |    25 |     6 ||    40
  Evoke: Wand              |       |       |     3 |    22 ||    25
    Use: Scroll            |       |       |     7 |    12 ||    19
         Potion            |       |       |       |     4 ||     4
   Stab: Sleeping          |     1 |     1 |       |     4 ||     6
         Paralysed         |       |       |       |     3 ||     3
         Invisible         |       |       |       |     2 ||     2
 Armour: Animal skin       |    67 |    40 |    75 |    74 ||   256
         Skin              |       |       |    57 |       ||    57
         Robe              |       |       |       |   259 ||   259
  Dodge: Dodged            |    42 |    28 |   133 |   178 ||   381
   Form: Flux              |       |       |     1 |       ||     1
         Blade             |       |       |       |     1 ||     1

Table legend: (Time is in decaauts)
 A = Elapsed time spent in this place.
 B = Non-inter-level travel time spent in this place.
 C = Inter-level travel time spent in this place.
 D = Time resting spent in this place.
 E = Time spent auto-exploring this place.
 F = Levels seen in this place.
 G = Mean time per level.
                   A        B        C        D        E       F      G
               +--------+--------+--------+--------+--------+-----+--------+
         Total |  15718 |  14757 |    961 |   2650 |   9119 |  16 |  982.4 |
       Dungeon |  14069 |  13156 |    913 |   2321 |   8356 |  12 | 1172.4 |
        Temple |      1 |      1 |      0 |      0 |      0 |   1 |    1.0 |
  Orcish Mines |    820 |    773 |     47 |    204 |    383 |   2 |  410.0 |
        Bailey |    825 |    825 |      0 |    125 |    378 |   1 |  825.0 |
               +--------+--------+--------+--------+--------+-----+--------+

Top non-repeatable levels by time:
     D:9: 2378 daAuts
     D:7: 1743 daAuts
     D:5: 1578 daAuts
     D:3: 1526 daAuts
     D:1: 1179 daAuts
     D:4: 1177 daAuts
    D:10: 1052 daAuts
     D:8: 1051 daAuts
     D:6: 936 daAuts
  Bailey: 825 daAuts
     D:2: 800 daAuts
   Orc:1: 799 daAuts
    D:13: 603 daAuts
    D:12: 42 daAuts
   Orc:2: 21 daAuts
